 Dungeon Crawl Stone Soup version 0.30.0-19-g36f170ea60 (webtiles) character file.

Game seed: 11054325188242508929

294 RascalDebosk the Magician (level 6, -1/43 HPs)
             Began as a Djinni Summoner on May 29, 2023.
             Slain by a kobold brigand
             ... wielding a +0 dagger
              (2 damage)
             ... in a sewer.
             The game lasted 00:24:16 (2634 turns).

RascalDebosk the Magician (Djinni Summoner)         Turns: 2634, Time: 00:24:17

Health: -1/43      AC:  2    Str:  7    XL:     6   Next: 60%
Gold:   102        EV: 12    Int: 19    God:
                   SH:  0    Dex: 13

rFire   + . .        s - +4 short sword of Eternal Vigilance {flame, Fragile rF- rC+++ Stlth+}
rCold   + + .        (no shield)
rNeg    . . .        a - +0 robe
rPois   ∞            (no helmet)
rElec   .            (no cloak)
rCorr   +            (no gloves)
SInv    .            (boots unavailable)
Will    .....        (no amulet)
Stlth   +++          c - ring of resist corrosion
HPRegen 0.27/turn    (no ring)
MPRegen 0.00/turn

%: infuse magic (-2 HP)
@: flying, very slightly contaminated
A: sickness immunity, fire resistance 2, cold vulnerability 1, float, innate
caster, HP casting, extra vitality 1
a: no special abilities


You were in a sewer.
You visited 1 branch of the dungeon, and saw 3 of its levels.
You also visited: Sewer.

You collected 102 gold pieces.

Inventory:

Hand Weapons
 f - a +0 short sword
 s - the +4 short sword of Eternal Vigilance (weapon) {flame, Fragile rF- rC+++ Stlth+}
   (You found it on level 2 of the Dungeon)

   rF:        It makes you vulnerable to fire.
   rC:        It renders you almost immune to cold.
   Fragile:   It will be destroyed if unequipped.
   Stlth:     It makes you more stealthy.
Armour
 a - a +0 robe (worn)
 n - a +0 tower shield
Jewellery
 c - a ring of resist corrosion (left hand)
Scrolls
 b - 2 scrolls of noise {unknown}
 e - 2 scrolls of enchant weapon {unknown}
 h - 2 scrolls of immolation
 i - a scroll of fear {unknown}
 k - a scroll of vulnerability {unknown}
 l - a scroll of fog {unknown}
 m - 2 scrolls of torment {unknown}
 o - a scroll of identify {unknown}
 u - a scroll of poison {unknown}
 v - 4 scrolls of magic mapping {unknown}
 x - 3 scrolls of blinking {unknown}
Potions
 d - a potion of attraction {unknown}
 g - a potion of degeneration {unknown}
 j - a potion of berserk rage {unknown}
 p - 2 potions of curing {unknown}
 q - a potion of mutation {unknown}
 r - a potion of flight {unknown}
 t - 2 potions of heal wounds {unknown}
 w - a potion of might {unknown}
 z - a potion of haste {unknown}
 A - a potion of magic {unknown}
 B - a potion of invisibility {unknown}


   Skills:
 + Level 2.1 Fighting
 - Level 2.1 Dodging
 - Level 1.5 Stealth
 * Level 5.2 Spellcasting
 + Level 2.0 Evocations


You knew the following spells:

 Your Spells              Type           Power      Damage    Failure   Level
a - Summon Small Mammal   Summ           96%        N/A       1%          1
b - Call Imp              Summ           48%        N/A       2%          2
c - Call Canine Familiar  Summ           24%        N/A       4%          3
d - Summon Guardian Gole  Hex/Summ       24%        N/A       4%          3
e - Summon Lightning Spi  Summ/Air       24%        N/A       14%         4
f - Beastly Appendage     Tmut           48%        N/A       1%          1
g - Momentum Strike       Conj/Tloc      48%        3d9       2%          2
Your spell library was empty.

Dungeon Overview and Level Annotations

Branches:
Dungeon (3/15)              Sewer (1/1)

Altars:


Innate Abilities, Weirdness & Mutations

You are immune to sickness and miasma.
You are immune to poison.
Your flesh is very heat resistant. (rF++)
You are vulnerable to cold. (rC-)
You float through the air rather than walking.
You learn spells naturally, not from books.
Your magical power is your life essence.
You have superior vitality. (+4 MHP)


Message History

Your hound closely misses the river rat.
The river rat bites your hound!
Your hound bites the river rat.
Your bat hits the river rat but does no damage.
Your hound barely misses the river rat.
The river rat bites your bat!
Your bat dies!
Your bat's corpse disappears in a puff of smoke!
Your hound closely misses the river rat.
The river rat bites your hound.
Your hound bites the river rat but does no damage. x2
The river rat barely misses your hound.
Your hound bites the river rat but does no damage.
The river rat bites your hound.
Your hound bites the river rat but does no damage. x2
The river rat bites your hound!
Your hound dies!
Your hound's corpse disappears in a puff of smoke!
You swap places.
Your cerulean imp hits the river rat from afar with a -2 spear.
Your cerulean imp hits the river rat but does no damage.
The river rat barely misses your cerulean imp.
Your cerulean imp hits the river rat with a -2 spear.
The river rat dies!
Your Evocations skill increases to level 2!
Unknown command.
You swap places.
You swap places.
You swap places.
You see here a river rat corpse.
An endoplasm comes into view.
The endoplasm quivers.
The endoplasm jiggles.
Your quokka disappears in a puff of smoke!
You hit the endoplasm. You burn the endoplasm.
The endoplasm is heavily wounded.
Your cerulean imp hits the endoplasm from afar with a -2 spear.
The endoplasm dies! 2 kobold brigands and a kobold come into view.
A kobold brigand is wielding a +0 dagger and quivering poisoned darts.
A kobold brigand is wielding a +0 dagger and quivering poisoned darts.
Casting: Summon Small Mammal (safe; 1% risk of failure)
Confirm with . or Enter, or press ? or * to list all spells.
Casting: Call Canine Familiar (dangerous; 4% risk of failure)
Confirm with . or Enter, or press ? or * to list all spells.
The spell is quite dangerous to miscast (14% risk of failure)!
Continue anyway?
You miscast Summon Lightning Spire.
You are very lightly contaminated with residual magic.
Nothing appears to happen.
The kobold brigand shouts!
The kobold shouts!
The kobold brigand throws a poisoned dart.
The poisoned dart misses you.
Casting: Summon Lightning Spire (quite dangerous; 14% risk of failure)
Confirm with . or Enter, or press ? or * to list all spells.
The spell is quite dangerous to miscast (14% risk of failure)!
Continue anyway?
You miscast Summon Lightning Spire.
You are blasted with air!
Your cerulean imp disappears in a puff of smoke!
Casting: Summon Lightning Spire (quite dangerous; 14% risk of failure)
Confirm with . or Enter, or press ? or * to list all spells.
The spell is quite dangerous to miscast (14% risk of failure)!
Continue anyway?
You miscast Summon Lightning Spire.
Nothing appears to happen.
* * * LOW HITPOINT WARNING * * *
Your guardian golem disappears in a puff of smoke!
Casting: Summon Lightning Spire (quite dangerous; 14% risk of failure)
Confirm with . or Enter, or press ? or * to list all spells.
The spell is quite dangerous to miscast (14% risk of failure)!
Continue anyway?
An electric hum fills the air.
* * * LOW HITPOINT WARNING * * *
Your hound closely misses the kobold. x2; The kobold misses your hound.
Your hound barely misses the kobold.
Your hound closely misses the kobold brigand.
Your hound barely misses the kobold brigand.
Your hound bites the kobold brigand.
The kobold brigand barely misses your hound.
Your hound bites the kobold brigand.
The kobold brigand hits your hound with a +0 dagger.
Your hound barely misses the kobold brigand.
Your hound completely misses the kobold brigand.
The kobold brigand misses your hound.
Your hound bites the kobold brigand but does no damage.
The kobold brigand throws a poisoned dart.
The poisoned dart misses your hound. The poisoned dart hits you!
Your hound closely misses the kobold brigand.
Your hound barely misses the kobold brigand.
The kobold brigand hits your hound with a +0 dagger.
Your hound closely misses the kobold brigand.
The kobold brigand hits your hound with a +0 dagger!
Your hound bites the kobold brigand.
Your hound bites the kobold brigand but does no damage.
The kobold brigand hits your hound with a +0 dagger.
Your hound dies!
Your hound's corpse disappears in a puff of smoke!
Casting: Summon Lightning Spire (quite dangerous; 14% risk of failure)
Confirm with . or Enter, or press ? or * to list all spells.
* * * LOW HITPOINT WARNING * * *
The kobold brigand hits you with a +0 dagger!
* * * LOW HITPOINT WARNING * * *
Your hound bites the kobold brigand but does no damage.
The kobold brigand hits you with a +0 dagger!
* * * LOW HITPOINT WARNING * * *
The kobold brigand hits you with a +0 dagger.
You die...

..####.~...#####..~∩.####
##.~~## ##~..## # ##~##
##~## #~# #~# #~# #~#
##~## ##†## ##8..##
##~..##
.!.#####~....#####.....#
.~?.....KK@..~~~~~~~...#
...#####..Kh.#####..~..#
##.~~## ##~..## #####
#####


You could see 2 kobold brigands, a kobold (ally target), a friendly lightning
spire (summoned) and a friendly hound (summoned).

Vanquished Creatures
  An adder (D:3)
  A bat (D:2)
  A goblin (D:1)
  A kobold (Sewer)
  3 quokkas
  2 ball pythons
9 creatures vanquished.

Vanquished Creatures (collateral kills)
  2 kobold brigands (Sewer)
  6 adders
  A river rat (Sewer)
  A dart slug (D:3)
  9 ball pythons
  6 bats
  6 endoplasms
  7 giant cockroaches
  2 goblins
  4 hobgoblins
  4 jackals
  A quokka (D:1)
  3 frilled lizards
  5 kobolds
  15 rats
72 creatures vanquished.

Grand Total: 81 creatures vanquished

Notes
Turn   | Place    | Note
-------+----------+-------------------------------------------
     0 | D:1      | RascalDebosk the Djinni Summoner began the quest for the
                  | Orb.
     0 | D:1      | RascalDebosk set off with the following spells memorised:
                  | Summon Small Mammal, Call Imp, Call Canine Familiar, Summon
                  | Guardian Golem, Summon Lightning Spire.
     0 | D:1      | Reached XP level 1. HP: 15/15 MP: 0/0
   238 | D:1      | Reached XP level 2. HP: 21/21 MP: 0/0
   478 | D:1      | Reached XP level 3. HP: 25/25 MP: 0/0
   478 | D:1      | Learned a level 1 spell: Beastly Appendage
   630 | D:1      | Reached skill level 4 in Spellcasting
   672 | D:1      | Found a faded altar of an unknown god.
  1218 | D:2      | Reached XP level 4. HP: 14/31 MP: 0/0
  1353 | D:2      | Identified the +4 short sword of Eternal Vigilance {flame,
                  | Fragile rF- rC+++ Stlth+}
  2257 | D:3      | Reached XP level 5. HP: 34/36 MP: 0/0
  2257 | D:3      | Learned a level 2 spell: Momentum Strike
  2298 | D:3      | Found a glowing drain.
  2313 | Sewer    | Entered a sewer
  2341 | Sewer    | Reached skill level 1 in Fighting
  2360 | Sewer    | Noticed a kobold brigand
  2361 | Sewer    | Noticed a kobold brigand
  2374 | Sewer    | Killed a kobold brigand
  2374 | Sewer    | Killed a kobold brigand
  2375 | Sewer    | Reached skill level 5 in Spellcasting
  2375 | Sewer    | Reached skill level 1 in Evocations
  2375 | Sewer    | Reached XP level 6. HP: 31/43 MP: 0/0
  2634 | Sewer    | HP: 1/43 [kobold brigand/+0 dagger (9)]
  2634 | Sewer    | Slain by a kobold brigand

Illustrated notes

Levels and vault maps discovered:
D:1:      dpeg_arrival_brainrot, layout_basic, serial_forest,
          infiniplex_forest_zigzag_1, infiniplex_forest_side_room,
          infiniplex_forest_straight_4, infiniplex_forest_clump_double,
          infiniplex_forest_lined_room_2, infiniplex_forest_pool,
          hellmonk_ecumenical_altar_blasted
D:2:      layout_rooms, basic_altar, roderic_lattice_a
D:3:      layout_loops_ring, mainiacjoe_overflow_alcove_1, portal_sewer_entry_f,
          uniq_natasha
Sewer:    sewer_co_15_rooms

Skill      XL: |  1  2  3  4  5  6 |
---------------+-------------------+-----
Spellcasting   | 4 5 |  5.2
Fighting       | 1 2 |  2.1
Evocations     | 1 2 |  2.0
Dodging        | |  2.1
Stealth        | |  1.5

Action                     |  1- 3 |  4- 6 || total
---------------------------+-------+-------++-------
  Melee: Unarmed           |     1 |       ||     1
         Short sword       |     9 |    16 ||    25
   Cast: Summon Small Mamm |    39 |    27 ||    66
         Call Imp          |    10 |    10 ||    20
         Call Canine Famil |     7 |    13 ||    20
         Beastly Appendage |     1 |       ||     1
         Summon Guardian G |       |    11 ||    11
         Summon Lightning  |       |    12 ||    12
         Momentum Strike   |       |     1 ||     1
 Armour: Robe              |     4 |     4 ||     8
  Dodge: Dodged            |    16 |    14 ||    30
